 Dungeon Crawl Stone Soup version 0.26-a0-969-g2c58977ddd (webtiles) character file.

Game seed: 15628161121127169635

214 Descartes the Conjurer (level 5, 0/30 HPs)
             Began as a Deep Elf Conjurer on Dec 4, 2020.
             Slain by a gnoll
             ... wielding a +0 spear
              (10 damage)
             ... on level 3 of the Dungeon.
             The game lasted 00:03:00 (1661 turns).

Descartes the Conjurer (Deep Elf Conjurer)          Turns: 1661, Time: 00:03:01

Health: 0/30       AC:  2    Str:  4    XL:     5   Next: 59%
Magic:  1/11       EV: 13    Int: 24    God:
Gold:   67         SH:  0    Dex: 15    Spells: 9/10 levels left

rFire    + . .     SeeInvis .   b - +0 dagger
rCold    + . .     Faith    .   (no shield)
rNeg     . . .     Spirit   .   a - +0 robe
rPois    +         Reflect  .   (helmet restricted)
rElec    +         Harm     .   (no cloak)
rCorr    +         Rampage  .   (no gloves)
MR       .....                  (no boots)
Stlth    ++........             (no amulet)
HPRegen  0.10/turn              (no ring)
MPRegen  0.12/turn              (no ring)

@: brilliant, resistant, attractive
A: antennae 1, hooves 1, agile 1, robust 1
a: no special abilities


You were on level 3 of the Dungeon.
You visited 1 branch of the dungeon, and saw 3 of its levels.

You collected 67 gold pieces.

Inventory:

Hand Weapons
 b - a +0 dagger (weapon)
Missiles
 c - 55 stones
 d - 23 bolts
 f - 4 javelins
 g - 35 sling bullets
 q - 6 boomerangs
Armour
 a - a +0 robe (worn)
 n - a +0 tower shield
Scrolls
 k - a scroll of blinking {unknown}
 l - a scroll of magic mapping {unknown}
 o - a scroll of amnesia {unknown}
 r - 2 scrolls of identify {unknown}
Potions
 i - a potion of heal wounds
 p - a potion of curing


   Skills:
 - Level 2.4 Dodging
 - Level 2.4 Stealth
 + Level 2.7 Shields
 - Level 3.0 Spellcasting
 + Level 6.5 Conjurations


You had 9 spell levels left.
You knew the following spells:

 Your Spells              Type           Power        Failure   Level
a - Magic Dart            Conj           ####         1%          1

Your spell library contained the following spells:

 Spells                   Type           Power        Failure   Level
 Searing Ray              Conj           ######       1%          2
 Dazzling Flash           Conj/Hex       ####..       9%          3
 Fulminant Prism          Conj/Hex       ####......   28%         4
 Iskenderun's Mystic Bla  Conj/Tloc      ####....     28%         4


Dungeon Overview and Level Annotations

Branches:
Dungeon (2/15)

Altars:


Innate Abilities, Weirdness & Mutations

You have a pair of small antennae on your head.
You have large cloven feet.
You are agile. (Dex +2)
You are robust. (+10% HP)


Message History

The gnoll hits you but does no damage.
You feel much better. The gnoll hits you with a +0 flail!
The gnoll barely misses you.
It was a potion of resistance.
You feel protected. The gnoll hits you with a +0 flail!
* * * LOW HITPOINT WARNING * * *
The gnoll barely misses you.
Your magical contamination has completely faded away.
It was a potion of curing.
You feel better. The gnoll barely misses you. The gnoll closely misses you.
You struggle against the net.
The gnoll hits you with a +0 flail. The gnoll hits you but does no damage.
You struggle against the net.
The gnoll completely misses you. The gnoll hits you but does no damage.
You struggle against the net.
The gnoll hits you from afar with a +0 spear.
You rip the net and break free!
The gnoll hits you with a +0 flail.
The gnoll hits you from afar with a +0 spear!
You die...

# #.###............>....
#...........####.#####
#####>.....## #
#......).## #.#####.##
#.# #†.. ###.#########
#......# #######
#.#.##.######.(@gg#
##.#.##........###......
...#.########### #####
.....# ###### #


You could see 2 gnolls.

Vanquished Creatures
  Sigmund (D:2)
  A gnoll (D:3)
  3 adders
  An ooze (D:2)
  A dart slug (D:1)
  2 leopard geckos
  A giant cockroach (D:3)
  3 goblins (D:1)
  3 hobgoblins
  5 bats
  2 frilled lizards
  5 rats
28 creatures vanquished.

Notes
Turn   | Place    | Note
-------+----------+-------------------------------------------
     0 | D:1      | Descartes the Deep Elf Conjurer began the quest for the
                  | Orb.
     0 | D:1      | Reached XP level 1. HP: 10/10 MP: 6/6
   157 | D:1      | Reached XP level 2. HP: 15/15 MP: 2/8
   289 | D:1      | Reached skill level 5 in Conjurations
   975 | D:2      | Reached XP level 3. HP: 17/19 MP: 3/9
  1030 | D:2      | Noticed Sigmund
  1042 | D:2      | Killed Sigmund
  1043 | D:2      | Reached skill level 6 in Conjurations
  1043 | D:2      | Reached XP level 4. HP: 7/24 MP: 2/10
  1043 | D:2      | Reached XP level 5. HP: 8/28 MP: 2/11
  1513 | D:2      | You fall into a shaft and drop 1 floor!
  1652 | D:3      | Gained mutation: You have a pair of small antennae on your
                  | head. [potion of mutation]
  1652 | D:3      | Gained mutation: You are robust. (+10% HP) [potion of
                  | mutation]
  1652 | D:3      | Gained mutation: You have large cloven feet. [potion of
                  | mutation]
  1652 | D:3      | Gained mutation: You are agile. (Dex +2) [potion of
                  | mutation]
  1661 | D:3      | Slain by a gnoll

Illustrated notes

Levels and vault maps discovered:
D:1:      wander_arrival_peaceful_grave, layout_loops_ring
D:2:      layout_loops_corners, uniq_natasha, uniq_sigmund
D:3:      layout_loops_ring, uniq_ijyb, uniq_crazy_yiuf_cottage

Skill      XL: |  1  2  3 |
---------------+----------+-----
Conjurations   | 5 6 |  6.5
Shields        | 2 |  2.7
Dodging        | |  2.4
Stealth        | |  2.4
Spellcasting   | |  3.0

Action                   |  1- 3 |  4- 6 || total
-------------------------+-------+-------++-------
 Cast: Magic Dart        |    38 |    27 ||    65
  Use: Potion            |       |     7 ||     7
Dodge: Dodged            |     1 |    11 ||    12

Table legend: (Time is in decaauts)
 A = Elapsed time spent in this place.
 B = Non-inter-level travel time spent in this place.
 C = Inter-level travel time spent in this place.
 D = Time resting spent in this place.
 E = Time spent auto-exploring this place.
 F = Levels seen in this place.
 G = Mean time per level.
                   A        B        C        D        E       F      G
               +--------+--------+--------+--------+--------+-----+--------+
         Total |   1660 |   1606 |     54 |      0 |   1485 |   3 |  553.3 |
       Dungeon |   1660 |   1606 |     54 |      0 |   1485 |   3 |  553.3 |
               +--------+--------+--------+--------+--------+-----+--------+

Top non-repeatable levels by time:
     D:1: 802 daAuts
     D:2: 709 daAuts
     D:3: 147 daAuts
